| TOP OF THE 1ST |
|
Colorado Avalanche batting - Pitching for Tijuana Toros : LHP Norm Yeo
|
|
Pitching: LHP Norm Yeo
|
|
|
Batting: RHB Rade Mamula
|
0-0: Ground out 4-3 (Groundball, 4, EV 93.1 MPH)
|
|
Batting: RHB Chris Tatum
|
0-0: Ball 1-0: Called Strike 1-1: Ball 2-1: Swinging Strike 2-2: SINGLE (Groundball, 56D, EV 97.5 MPH)
|
|
Batting: RHB Eric Delgado
|
0-0: Ball 1-0: Ball 2-0: Foul Ball, location: 2F 2-1: Foul Ball, location: 2F 2-2: Strikes out swinging
|
|
Batting: RHB Xavier Williams
|
0-0: Called Strike 0-1: Foul Ball, location: 2F 0-2: Fly out, F3 (Popup, 23, EV 83.8 MPH)
|
| Top of the 1st over - 0 runs, 1 hit, 0 errors, 1 left on base; Colorado 0 - Tijuana 0 |
| BOTTOM OF THE 1ST |
|
Tijuana Toros batting - Pitching for Colorado Avalanche : RHP Diego Arredondo
|
|
Pitching: RHP Diego Arredondo
|
|
|
Batting: SHB Erick Hamburger
|
0-0: Bunted foul 0-1: Fly out, F8 (Line Drive, 8LD, EV 86.2 MPH)
|
|
Batting: RHB Guo Kwok
|
0-0: Ball 1-0: Ball 2-0: Ball 3-0: Base on Balls
|
|
Batting: RHB Shiki Nomoto
|
0-0: Foul Ball, location: 2F 0-1: Foul Ball, location: 2F 0-2: Ball 1-2: Fielders Choice at 2nd, 6-4 (Groundball, 6, EV 88.1 MPH)
|
|
Batting: RHB John Hanson
|
0-0: Called Strike 0-1: Ground out 5-3 (Groundball, 56S, EV 81.2 MPH)
|
| Bottom of the 1st over - 0 runs, 0 hits, 0 errors, 1 left on base; Colorado 0 - Tijuana 0 |
| TOP OF THE 2ND |
|
Colorado Avalanche batting - Pitching for Tijuana Toros : LHP Norm Yeo
|
|
Batting: RHB Keith Giarratano
|
0-0: Foul Ball, location: 2F 0-1: Foul Ball, location: 2F 0-2: Ball 1-2: Foul Ball, location: 2F 1-2: Strikes out swinging
|
|
Batting: LHB Brian Canny
|
0-0: Swinging Strike 0-1: Ball 1-1: Ball 2-1: Foul Ball, location: 2F 2-2: Strikes out swinging
|
|
Batting: RHB Jack Stadner
|
0-0: Ball 1-0: Ball 2-0: Called Strike 2-1: Called Strike 2-2: Ball 3-2: Base on Balls
|
|
Batting: LHB Rich Rauda
|
0-0: Ball 1-0: Swinging Strike 1-1: Called Strike 1-2: Ball 2-2: Strikes out looking
|
| Top of the 2nd over - 0 runs, 0 hits, 0 errors, 1 left on base; Colorado 0 - Tijuana 0 |
| BOTTOM OF THE 2ND |
|
Tijuana Toros batting - Pitching for Colorado Avalanche : RHP Diego Arredondo
|
|
Batting: RHB Tan-ming Kwan
|
0-0: Called Strike 0-1: SINGLE (Line Drive, 3D, EV 106.9 MPH)
|
|
Batting: RHB Jerry Afghani
|
0-0: Foul Ball, location: 2F 0-1: Ground out 5-3 (Groundball, 56S, EV 70.6 MPH) Tan-ming Kwan to second
|
|
Batting: RHB Yok-sing Zhào
|
0-0: Called Strike 0-1: Ball 1-1: Ball 2-1: Ball 3-1: Fly out, F8 (Flyball, 78D, EV 109.4 MPH)
|
|
Batting: RHB Mario Diaz
|
0-0: Ball 1-0: Ball 2-0: Foul Ball, location: 2F 2-1: Swinging Strike 2-2: Foul Ball, location: 2F 2-2: Strikes out swinging
|
| Bottom of the 2nd over - 0 runs, 1 hit, 0 errors, 1 left on base; Colorado 0 - Tijuana 0 |
| TOP OF THE 3RD |
|
Colorado Avalanche batting - Pitching for Tijuana Toros : LHP Norm Yeo
|
|
Batting: RHB Mike Chiquete
|
0-0: Ball 1-0: Ground out 5-3 (Groundball, 5S, EV 71.2 MPH)
|
|
Batting: RHB Rade Mamula
|
0-0: Ball 1-0: Foul Ball, location: 2F 1-1: SINGLE (Line Drive, 9LS, EV 95.0 MPH)
|
|
Batting: RHB Chris Tatum
|
0-0: Ball 1-0: Called Strike 1-1: Ball 2-1: Ball 3-1: Foul Ball, location: 2F 3-2: SINGLE (Groundball, P, EV 76.9 MPH) (infield hit) Rade Mamula to second
|
|
Batting: RHB Eric Delgado
|
0-0: Called Strike 0-1: Called Strike 0-2: Ball 1-2: Ball 2-2: Ball 3-2: SINGLE (Line Drive, 56D, EV 103.1 MPH) Rade Mamula to third Chris Tatum to second
|
|
Batting: RHB Xavier Williams
|
0-0: Called Strike 0-1: Fly out, F9 (Flyball, 89D, EV 85.0 MPH) Runner from 3rd tags up, SCORES, throw by RF Chris Tatum to third
|
|
Batting: RHB Keith Giarratano
|
0-0: 3-RUN HOME RUN (Flyball, 78XD, EV 105.6 MPH), Distance : 414 ft
|
|
Batting: LHB Brian Canny
|
0-0: Foul Ball, location: 2F 0-1: Foul Ball, location: 2F 0-2: Strikes out swinging
|
| Top of the 3rd over - 4 runs, 4 hits, 0 errors, 0 left on base; Colorado 4 - Tijuana 0 |
| BOTTOM OF THE 3RD |
|
Tijuana Toros batting - Pitching for Colorado Avalanche : RHP Diego Arredondo
|
|
Batting: RHB Gaylord Wray
|
0-0: Called Strike 0-1: Foul Ball, location: 2F 0-2: Ball 1-2: Ball 2-2: Ground out 5-3 (Groundball, 5S, EV 93.8 MPH)
|
|
Batting: SHB Erick Hamburger
|
0-0: Ball 1-0: Reached on error, E7 (Line Drive, 78M, EV 89.4 MPH)
|
|
Batting: RHB Guo Kwok
|
0-0: Called Strike 0-1: Grounds into double play, 6-4-3 (Groundball, 6, EV 81.2 MPH)
|
| Bottom of the 3rd over - 0 runs, 0 hits, 1 error, 0 left on base; Colorado 4 - Tijuana 0 |
| TOP OF THE 4TH |
|
Colorado Avalanche batting - Pitching for Tijuana Toros : LHP Norm Yeo
|
|
Batting: RHB Jack Stadner
|
0-0: Foul Ball, location: 2F 0-1: Ball 1-1: Ball 2-1: Foul Ball, location: 2F 2-2: Ground out 6-3 (Groundball, 6MD, EV 98.1 MPH)
|
|
Batting: LHB Rich Rauda
|
0-0: Foul Ball, location: 2F 0-1: Ball 1-1: Fly out, F7 (Flyball, 78M, EV 82.5 MPH)
|
|
Batting: RHB Mike Chiquete
|
0-0: Called Strike 0-1: Ball 1-1: Swinging Strike 1-2: Foul Ball, location: 2F 1-2: Strikes out swinging
|
| Top of the 4th over - 0 runs, 0 hits, 0 errors, 0 left on base; Colorado 4 - Tijuana 0 |
| BOTTOM OF THE 4TH |
|
Tijuana Toros batting - Pitching for Colorado Avalanche : RHP Diego Arredondo
|
|
Batting: RHB Shiki Nomoto
|
0-0: Swinging Strike 0-1: Ball 1-1: Swinging Strike 1-2: Fly out, F3 (Popup, 23F, EV 80.6 MPH)
|
|
Batting: RHB John Hanson
|
0-0: Ball 1-0: SINGLE (Line Drive, 4MD, EV 108.1 MPH)
|
|
Batting: RHB Tan-ming Kwan
|
0-0: Fielders Choice at 2nd, 5-4 (Groundball, 5, EV 78.8 MPH)
|
|
Batting: RHB Jerry Afghani
|
0-0: Called Strike Tan-ming Kwan steals 2nd base 0-1: Foul Ball, location: 2F 0-2: Ball 1-2: Ball 2-2: Fly out, F8 (Line Drive, 8LM, EV 86.9 MPH)
|
| Bottom of the 4th over - 0 runs, 1 hit, 0 errors, 1 left on base; Colorado 4 - Tijuana 0 |
| TOP OF THE 5TH |
|
Colorado Avalanche batting - Pitching for Tijuana Toros : LHP Norm Yeo
|
|
Batting: RHB Rade Mamula
|
0-0: Swinging Strike 0-1: Called Strike 0-2: Ball 1-2: Strikes out swinging
|
|
Batting: RHB Chris Tatum
|
0-0: Ball 1-0: Ball 2-0: Ball 3-0: Called Strike 3-1: Called Strike 3-2: SINGLE (Flyball, 56D, EV 93.8 MPH)
|
|
Batting: RHB Eric Delgado
|
0-0: Ball 1-0: Ball 2-0: Called Strike 2-1: Swinging Strike 2-2: Foul Ball, location: 2F 2-2: Strikes out looking
|
|
Batting: RHB Xavier Williams
|
0-0: Ball 1-0: Ball 2-0: Ball 3-0: Called Strike 3-1: Swinging Strike 3-2: Strikes out swinging
|
| Top of the 5th over - 0 runs, 1 hit, 0 errors, 1 left on base; Colorado 4 - Tijuana 0 |
| BOTTOM OF THE 5TH |
|
Tijuana Toros batting - Pitching for Colorado Avalanche : RHP Diego Arredondo
|
|
Batting: RHB Yok-sing Zhào
|
0-0: Swinging Strike 0-1: Ball 1-1: Ball 2-1: Foul Ball, location: 2F 2-2: Ball 3-2: Ground out 4-3 (Groundball, 4, EV 88.1 MPH)
|
|
Batting: RHB Mario Diaz
|
0-0: Called Strike 0-1: Ball 1-1: Fly out, F8 (Flyball, 89D, EV 90.0 MPH)
|
|
Batting: RHB Gaylord Wray
|
0-0: Ball 1-0: SINGLE (Groundball, 4MD, EV 101.2 MPH)
|
|
Batting: SHB Erick Hamburger
|
0-0: Ball 1-0: Called Strike 1-1: Swinging Strike 1-2: Strikes out swinging
|
| Bottom of the 5th over - 0 runs, 1 hit, 0 errors, 1 left on base; Colorado 4 - Tijuana 0 |
| TOP OF THE 6TH |
|
Colorado Avalanche batting - Pitching for Tijuana Toros : LHP Norm Yeo
|
|
Pitching: RHP Karl Sullivan
|
|
|
Batting: RHB Keith Giarratano
|
0-0: Ball 1-0: Swinging Strike 1-1: Swinging Strike 1-2: Strikes out swinging
|
|
Batting: LHB Brian Canny
|
0-0: Ground out 4-3 (Groundball, 34, EV 104.4 MPH)
|
|
Batting: RHB Jack Stadner
|
0-0: Ball 1-0: Ground out 4-3 (Groundball, 4S, EV 87.5 MPH)
|
| Top of the 6th over - 0 runs, 0 hits, 0 errors, 0 left on base; Colorado 4 - Tijuana 0 |
| BOTTOM OF THE 6TH |
|
Tijuana Toros batting - Pitching for Colorado Avalanche : RHP Diego Arredondo
|
|
Pitching: RHP Luis Mendoza
|
|
|
Batting: RHB Guo Kwok
|
0-0: Ball 1-0: Fly out, F9 (Flyball, 89M, EV 90.6 MPH)
|
|
Batting: RHB Shiki Nomoto
|
0-0: Ball 1-0: Swinging Strike 1-1: Foul Ball, location: 2F 1-2: Foul Ball, location: 2F 1-2: Strikes out swinging
|
|
Batting: RHB John Hanson
|
0-0: Ball 1-0: Ball 2-0: Called Strike 2-1: Foul Ball, location: 2F 2-2: Strikes out swinging
|
| Bottom of the 6th over - 0 runs, 0 hits, 0 errors, 0 left on base; Colorado 4 - Tijuana 0 |
| TOP OF THE 7TH |
|
Colorado Avalanche batting - Pitching for Tijuana Toros : RHP Karl Sullivan
|
|
Batting: LHB Rich Rauda
|
0-0: Ball 1-0: Fly out, F9 (Line Drive, 89D, EV 93.8 MPH)
|
|
Batting: RHB Mike Chiquete
|
0-0: Ground out 4-3 (Groundball, 4, EV 111.2 MPH)
|
|
Batting: RHB Rade Mamula
|
0-0: Foul Ball, location: 2F 0-1: Foul Ball, location: 2F 0-2: Ball 1-2: Foul Ball, location: 2F 1-2: Foul Ball, location: 2F 1-2: Foul Ball, location: 2F 1-2: Foul Ball, location: 2F 1-2: Fly out, F8 (Line Drive, 89M, EV 105.0 MPH)
|
| Top of the 7th over - 0 runs, 0 hits, 0 errors, 0 left on base; Colorado 4 - Tijuana 0 |
| BOTTOM OF THE 7TH |
|
Tijuana Toros batting - Pitching for Colorado Avalanche : RHP Luis Mendoza
|
|
Batting: RHB Tan-ming Kwan
|
0-0: Ball 1-0: Foul Ball, location: 2F 1-1: Fly out, F6 (Popup, 6M, EV 57.5 MPH)
|
|
Batting: RHB Jerry Afghani
|
0-0: Called Strike 0-1: Swinging Strike 0-2: Ball 1-2: Foul Ball, location: 2F 1-2: Ball 2-2: Ball 3-2: Ground out U3 (Groundball, 34S, EV 68.1 MPH)
|
|
Batting: RHB Yok-sing Zhào
|
0-0: Ball 1-0: Foul Ball, location: 2F 1-1: TRIPLE (Flyball, 9LD, EV 96.2 MPH)
|
|
Batting: RHB Mario Diaz
|
0-0: Ball 1-0: Called Strike 1-1: Ball 2-1: Ball 3-1: Called Strike 3-2: Base on Balls
|
|
Batting: RHB Gaylord Wray
|
0-0: Ball 1-0: Ball 2-0: Ball 3-0: Base on Balls Mario Diaz to second
|
|
Batting: SHB Erick Hamburger
|
0-0: Ball 1-0: Foul Ball, location: 2F 1-1: Ball 2-1: Ball 3-1: Foul Ball, location: 2F 3-2: Base on Balls Yok-sing Zhào scores Mario Diaz to third Gaylord Wray to second
|
|
Batting: RHB Guo Kwok
|
0-0: SINGLE (Groundball, 6MD, EV 95.6 MPH) Mario Diaz scores Gaylord Wray to third Erick Hamburger to second Runner from 3rd tries for Home, throw by CF and OUT! 8-2
|
| Bottom of the 7th over - 2 runs, 2 hits, 0 errors, 2 left on base; Colorado 4 - Tijuana 2 |
| TOP OF THE 8TH |
|
Colorado Avalanche batting - Pitching for Tijuana Toros : RHP Karl Sullivan
|
|
Pitching: RHP Chris Moody
|
|
|
Batting: RHB Chris Tatum
|
0-0: Swinging Strike 0-1: Foul Ball, location: 2F 0-2: Foul Ball, location: 2F 0-2: Strikes out looking
|
|
Batting: RHB Eric Delgado
|
0-0: Ball 1-0: Ball 2-0: Ball 3-0: Called Strike 3-1: Foul Ball, location: 2F 3-2: Ground out 4-3 (Groundball, 4, EV 90.0 MPH)
|
|
Batting: RHB Xavier Williams
|
0-0: Fly out, F6 (Popup, 4M, EV 64.4 MPH)
|
| Top of the 8th over - 0 runs, 0 hits, 0 errors, 0 left on base; Colorado 4 - Tijuana 2 |
| BOTTOM OF THE 8TH |
|
Tijuana Toros batting - Pitching for Colorado Avalanche : RHP Luis Mendoza
|
|
Batting: RHB Shiki Nomoto
|
0-0: Ball 1-0: Called Strike 1-1: SINGLE (Line Drive, 6MD, EV 97.5 MPH)
|
|
Batting: RHB John Hanson
|
0-0: Ball Wild Pitch! Shiki Nomoto to second 1-0: Fly out, F7 (Flyball, 7LS, EV 88.1 MPH)
|
|
Batting: RHB Tan-ming Kwan
|
0-0: Fly out, F8 (Flyball, 8RD, EV 95.0 MPH)
|
|
Batting: RHB Jerry Afghani
|
0-0: Ball 1-0: Swinging Strike 1-1: Fly out, F8 (Line Drive, 8LD, EV 92.5 MPH)
|
| Bottom of the 8th over - 0 runs, 1 hit, 0 errors, 1 left on base; Colorado 4 - Tijuana 2 |
| TOP OF THE 9TH |
|
Colorado Avalanche batting - Pitching for Tijuana Toros : RHP Chris Moody
|
|
Batting: RHB Keith Giarratano
|
0-0: Ball 1-0: Foul Ball, location: 2F 1-1: Ground out 4-3 (Groundball, 4M, EV 110.0 MPH)
|
|
Pitching: RHP Jeremy Pollom
|
|
|
Batting: LHB Brian Canny
|
0-0: Ball 1-0: Foul Ball, location: 2F 1-1: SINGLE (Line Drive, 89S, EV 97.5 MPH)
|
|
Batting: RHB Jack Stadner
|
0-0: Ball 1-0: Foul Ball, location: 2F 1-1: Ball 2-1: Grounds into double play, 6-4-3 (Groundball, 6, EV 100.6 MPH)
|
| Top of the 9th over - 0 runs, 1 hit, 0 errors, 0 left on base; Colorado 4 - Tijuana 2 |
| BOTTOM OF THE 9TH |
|
Tijuana Toros batting - Pitching for Colorado Avalanche : RHP Luis Mendoza
|
|
Pinch Hitting: RHB Will Barksdale
|
0-0: DOUBLE (Flyball, 8RXD, EV 98.1 MPH) - OUT at third base trying to stretch hit.
|
|
Pinch Hitting: RHB Tony Vasquez
|
0-0: Called Strike 0-1: Called Strike 0-2: Ball 1-2: Ball 2-2: DOUBLE (Line Drive, 78D, EV 90.0 MPH)
|
|
Pinch Hitting: RHB Jaylen North
|
0-0: Ball 1-0: Ball 2-0: Called Strike 2-1: Ball 3-1: Foul Ball, location: 2F 3-2: 2-RUN HOME RUN (Flyball, 9D, EV 99.4 MPH), Distance : 358 ft
|
|
Pitching: RHP Joan Coucieiro
|
|
|
Batting: SHB Erick Hamburger
|
0-0: Ball 1-0: Fly out, F8 (Flyball, 8RS, EV 84.4 MPH)
|
|
Batting: RHB Guo Kwok
|
0-0: Swinging Strike 0-1: Foul Ball, location: 2F 0-2: Strikes out swinging
|
| Bottom of the 9th over - 2 runs, 3 hits, 0 errors, 0 left on base; Colorado 4 - Tijuana 4 |
| TOP OF THE 10TH |
|
Colorado Avalanche batting - Pitching for Tijuana Toros : RHP Jeremy Pollom
|
|
Pitching: RHP Bill Dyck
|
|
|
Now at C: Will Barksdale
|
|
|
Now at 3B: Tan-ming Kwan
|
|
|
Now in LF: Jaylen North
|
|
|
Now in CF: Jerry Afghani
|
|
|
Now in RF: Tony Vasquez
|
|
|
Batting: LHB Rich Rauda
|
0-0: Ball 1-0: Ground out 4-3 (Groundball, 4, EV 83.1 MPH)
|
|
Batting: RHB Mike Chiquete
|
0-0: Ball 1-0: Foul Ball, location: 2F 1-1: Called Strike 1-2: Strikes out swinging
|
|
Batting: RHB Rade Mamula
|
0-0: Ball 1-0: Called Strike 1-1: Ball 2-1: Called Strike 2-2: Foul Ball, location: 2F 2-2: Strikes out looking
|
| Top of the 10th over - 0 runs, 0 hits, 0 errors, 0 left on base; Colorado 4 - Tijuana 4 |
| BOTTOM OF THE 10TH |
|
Tijuana Toros batting - Pitching for Colorado Avalanche : RHP Joan Coucieiro
|
|
Batting: RHB Shiki Nomoto
|
0-0: Swinging Strike 0-1: SINGLE (Line Drive, 7S, EV 93.8 MPH)
|
|
Batting: RHB John Hanson
|
0-0: Foul Ball, location: 2F 0-1: Called Strike 0-2: Ball 1-2: Ball 2-2: Foul Ball, location: 2F 2-2: Ball 3-2: Base on Balls Shiki Nomoto to second
|
|
Batting: RHB Tan-ming Kwan
|
0-0: Ball 1-0: Fly out, F8 (Line Drive, 89D, EV 92.5 MPH) Runner from 2nd tags up, SAFE at 3rd, no throw by CF
|
|
Batting: RHB Jerry Afghani
|
0-0: Ball 1-0: Called Strike 1-1: Swinging Strike 1-2: Ball 2-2: Fly out, F8 (Flyball, 8RD, EV 83.1 MPH)
|
|
Batting: RHB Will Barksdale
|
0-0: Ball 1-0: Called Strike 1-1: Ball 2-1: Fly out, F9 (Flyball, 9S, EV 73.1 MPH)
|
| Bottom of the 10th over - 0 runs, 1 hit, 0 errors, 2 left on base; Colorado 4 - Tijuana 4 |
| TOP OF THE 11TH |
|
Colorado Avalanche batting - Pitching for Tijuana Toros : RHP Bill Dyck
|
|
Batting: RHB Chris Tatum
|
0-0: Ball 1-0: Ball 2-0: Swinging Strike 2-1: Foul Ball, location: 2F 2-2: Ground out 6-3 (Groundball, 6, EV 87.5 MPH)
|
|
Batting: RHB Eric Delgado
|
0-0: Fly out, F7 (Flyball, 78M, EV 89.4 MPH)
|
|
Pinch Hitting: RHB Bryce Hickman
|
0-0: Called Strike 0-1: Ball 1-1: Fly out, F6 (Line Drive, 6, EV 66.9 MPH)
|
| Top of the 11th over - 0 runs, 0 hits, 0 errors, 0 left on base; Colorado 4 - Tijuana 4 |
| BOTTOM OF THE 11TH |
|
Tijuana Toros batting - Pitching for Colorado Avalanche : RHP Joan Coucieiro
|
|
Now at 1B: Javy Rueda
|
|
|
Batting: RHB Tony Vasquez
|
0-0: Foul Ball, location: 2F 0-1: Called Strike 0-2: DOUBLE (Line Drive, 7LS, EV 111.9 MPH)
|
|
Batting: RHB Jaylen North
|
0-0: Fly out, F8 (Flyball, 8LXD, EV 96.2 MPH) Runner from 2nd tags up, SAFE at 3rd, no throw by CF
|
|
Batting: SHB Erick Hamburger
|
0-0: Bunted foul 0-1: Ball 1-1: Squeeze Bunt to 2R - play home, runner OUT, batter safe! 1-2
|
|
Batting: RHB Guo Kwok
|
0-0: DOUBLE (Flyball, 89D, EV 114.4 MPH) Erick Hamburger to third Runner from 3rd tries for Home, SAFE, throw by CF to home
|
| Bottom of the 11th over - 1 run, 2 hits, 0 errors, 1 left on base; Colorado 4 - Tijuana 5 |
|